Map: Ever Dream LE

Players

Lambo - Winner!

  • Race: Zerg Zerg
  • League: Grandmaster
  • Spawn Location: 7:00

HellraiseR

  • Race: Protoss Protoss
  • League: Grandmaster
  • Spawn Location: 1:00

Event: DreamHack SC2 Masters 2020 Summer Europe

VOD

Have the link to the VOD?

Description

Time

  • Played on: June 27, 2020, 11:52 a.m.
  • Length: 12:38

All games in this series

Show
View Real Time Build Order
Export as new Build Order

Lambo Zerg - Winner!

Build Orders: Hatch First 

Get SALT Encoding   

  12  0:00  Drone  
  13  0:12  Overlord  
  13  0:16  Drone  
  14  0:31  Drone x2  
  17  0:42  Drone  
  17  0:50  Hatchery  
  17  0:54  Drone  
  17  0:58  Drone  
  18  1:07  Extractor  
  17  1:11  Spawning Pool  
  17  1:15  Drone  
  17  1:17  Drone  
  18  1:29  Drone  
  19  1:42  Drone  
  20  1:51  Overlord  
  20  1:58  Queen  
  22  2:02  Queen  
  22  2:03  Zergling x4  
  26  2:11  Drone  
  26  2:14  Metabolic Boost  
  26  2:15  Drone  
  28  2:24  Drone x2  
  30  2:34  Hatchery  
  29  2:38  Drone  
  30  2:45  Drone  
  30  2:46  Drone  
  30  2:47  Overlord  
  32  2:55  Queen  
  34  2:59  Drone  
  34  3:01  Drone  
  36  3:07  Zergling x2  
  36  3:08  Drone x2  
  36  3:09  Drone  
  40  3:13  Drone  
  40  3:19  Overlord  
  41  3:26  Drone  
  42  3:30  Drone  
  43  3:35  Drone  
  43  3:37  Queen  
  43  3:38  Drone x2  
  43  3:40  Drone x3  
  51  3:48  Overlord  
  50  3:50  Overlord  
  50  3:52  Roach Warren  
  49  3:57  Drone  
  49  4:01  Overlord  
  50  4:05  Queen  
  50  4:07  Drone x2, Spine Crawler  
  50  4:08  Drone x2  
  55  4:14  Zergling x6  
  58  4:18  Overlord  
  58  4:21  Zergling x8  
  62  4:28  Overlord  
  62  4:36  Zergling x4  
  63  4:41  Roach x3  
  63  4:43  Overlord  
  69  4:46  Roach x2, Zergling x6  
  69  4:48  Overlord  
  69  4:49  Zergling x4  
  69  4:52  Spore Crawler  
  77  4:54  Spore Crawler  
  77  4:56  Drone, Spore Crawler  
  77  4:58  Drone  
  77  5:01  Roach  
  77  5:04  Roach x2  
  83  5:11  Roach  
  83  5:13  Overlord  
  83  5:14  Roach x2  
  89  5:18  Roach  
  89  5:19  Roach  
  93  5:22  Overlord  
  93  5:25  Roach x2  
  97  5:30  Overlord  
  97  5:31  Overlord  
  97  5:33  Drone x3  
  100  5:37  Drone  
  94  5:43  Roach x2, Zergling x2  
  94  5:49  Drone x3  
  92  5:52  Drone x2  
  92  5:55  Extractor x2  
  92  5:56  Evolution Chamber, Drone  
  92  6:07  Zergling x8  
  92  6:08  Zergling x2  
  92  6:10  Drone  
  98  6:12  Extractor  
  98  6:14  Drone x4, Extractor  
  102  6:20  Overlord  
  102  6:23  Overlord  
  102  6:24  Drone x3  
  104  6:28  Drone  
  104  6:29  Drone  
  104  6:30  Lair  
  102  6:33  Drone x2, Extractor  
  102  6:36  Drone x3  
  106  6:40  Drone x2  
  108  6:48  Drone  
  108  6:51  Roach x2  
  108  6:53  Overlord  
  113  6:58  Overlord  
  113  7:00  Overlord  
  113  7:01  Drone x2  
  113  7:02  Drone  
  113  7:03  Roach, Overlord  
  113  7:04  Roach x4  
  128  7:14  Overlord  
  130  7:16  Overlord  
  130  7:18  Roach  
  132  7:24  Drone  
  132  7:26  Zerg Missile Weapons Level 1  
  132  7:27  Ravager  
  132  7:29  Roach x5  
  140  7:34  Hatchery  
  140  7:35  Glial Reconstitution  
  139  7:38  Roach x2  
  139  7:39  Roach x3  
  139  7:42  Roach x2  
  151  7:47  Roach  
  151  7:48  Roach, Baneling Nest  
  151  7:49  Ravager x2  
  156  7:53  Roach x3  
  156  7:57  Roach x2  
  165  7:59  Overlord  
  165  8:01  Roach  
  167  8:07  Roach x4  
  175  8:13  Roach x3  
  175  8:18  Roach  
  175  8:19  Roach x2  
  187  8:21  Overseer  
  187  8:22  Ravager  
  188  8:27  Roach x2  
  188  8:32  Overlord x2  
  188  8:33  Overlord  
  192  8:36  Overlord  
  192  8:42  Overlord  
  192  8:43  Ravager  
  192  8:44  Overlord  
  192  8:47  Overlord  
  193  8:50  Ravager x2  
  193  8:51  Roach x2  
  199  8:58  Roach  
  196  9:04  Roach  
  196  9:05  Roach  
  196  9:06  Roach  
  196  9:07  Roach x3  
  196  9:10  Zergling x12  
  196  9:12  Roach  
  196  9:15  Roach x2  
  189  9:21  Overseer  
  189  9:22  Centrifical Hooks  
  164  9:24  Zergling x14  
  171  9:33  Roach x5  
  171  9:37  Roach x2  
  171  9:43  Zergling x4  
  169  9:47  Unknown, Roach, Ravager x2  
  169  9:49  Zerg Melee Weapons Level 1  
  169  9:52  Drone x3  
  173  9:53  Zergling x16  
  173  9:56  Ravager x2  
  173  9:57  Ravager  
  184  10:01  Zergling x10  
  184  10:02  Ravager  
  184  10:03  Overseer, Ravager  
  190  10:07  Baneling x7  
  190  10:11  Zergling x6  
  193  10:14  Zergling x2  
  193  10:16  Baneling x6  
  193  10:18  Zergling x2  
  195  10:24  Overseer  
  195  10:29  Baneling x11  
  195  10:30  Zergling x8  
  195  10:34  Overseer x2  
  199  10:35  Baneling  
  199  10:36  Baneling x5  
  198  10:42  Zergling x2  
  198  10:43  Zergling x4  
  198  10:48  Zergling x26  
  196  10:55  Zergling x6  
  189  11:00  Zergling x6  
  189  11:04  Roach x6  
  182  11:06  Roach  
  162  11:11  Roach x2  
  162  11:16  Roach x4  
  162  11:17  Overseer x2, Roach  
  157  11:19  Roach  
  157  11:22  Roach x2  
  157  11:25  Roach  
  151  11:27  Roach x2  
  151  11:30  Roach  
  151  11:32  Roach  
  145  11:34  Roach  
  145  11:35  Roach  
  145  11:38  Roach x2  
  148  11:40  Roach  
  148  11:43  Roach  
  148  11:44  Roach  
  148  11:47  Ravager x4  
  148  11:48  Ravager x3  
  148  11:49  Zergling x2  
  148  11:51  Ravager x4  
  159  11:54  Zergling x6  
  159  11:56  Baneling x2  
  159  11:58  Zergling x4  
  159  12:01  Zergling x6  
  167  12:04  Overseer  
  167  12:05  Zergling x4  
  169  12:09  Zergling x8  
  169  12:11  Baneling x3  
  169  12:12  Zergling x2  
  169  12:15  Ravager x2  
  176  12:16  Zergling x6  
  176  12:19  Zergling x6  
  176  12:21  Zergling x2  
Show
View Real Time Build Order
Export as new Build Order

HellraiseR Protoss 

Build Orders: 1 Gate Expand, Archon Immortal 

Get SALT Encoding   

  12  0:00  Probe  
  13  0:12  Probe  
  14  0:20  Pylon  
  14  0:24  Probe  
  15  0:34  Probe  
  15  0:40  Gateway  
  15  0:42  Probe  
  17  0:53  Assimilator, Probe  
  18  1:05  Probe  
  19  1:17  Probe  
  20  1:30  Nexus  
  20  1:36  Cybernetics Core  
  20  1:39  Probe  
  21  1:44  Assimilator  
  21  1:51  Probe  
  22  1:56  Pylon  
  22  2:03  Probe  
  22  2:04  Adept  
  23  2:11  Probe  
  23  2:14  Warp Gate  
  26  2:19  Probe  
  26  2:23  Twilight Council  
  26  2:29  Probe  
  27  2:34  Stalker  
  30  2:38  Probe  
  30  2:41  Probe  
  32  2:46  Probe  
  33  2:53  Probe  
  33  2:55  Robotics Facility  
  33  2:56  Probe  
  34  3:03  Resonating Glaives  
  35  3:05  Probe  
  35  3:08  Gateway  
  35  3:09  Probe  
  37  3:17  Adept  
  37  3:19  Probe  
  40  3:26  Probe  
  41  3:30  Gateway  
  41  3:33  Gateway  
  41  3:42  Probe  
  41  3:43  Warp Prism  
  43  3:58  Gateway  
  43  4:02  Gateway  
  42  4:07  Pylon  
  42  4:10  Adept x2  
  46  4:18  Pylon  
  46  4:25  Pylon, Observer, Probe x2  
  49  4:34  Adept  
  49  4:35  Adept  
  49  4:37  Adept  
  55  4:38  Probe  
  55  4:39  Probe  
  55  4:43  Dark Shrine  
  55  4:44  Adept  
  59  4:51  Pylon  
  59  4:55  Probe  
  60  5:01  Adept x3  
  60  5:03  Adept  
  60  5:06  Adept  
  70  5:09  Assimilator  
  70  5:10  Probe  
  70  5:13  Probe  
  72  5:22  Probe, Pylon  
  72  5:25  Probe  
  72  5:28  Assimilator  
  74  5:33  Pylon  
  74  5:34  Probe  
  75  5:41  Adept x5  
  81  5:43  Probe  
  70  6:03  Probe  
  70  6:04  Probe  
  72  6:10  Dark Templar x3  
  78  6:15  Immortal  
  76  6:25  Protoss Ground Weapons Level 1  
  74  6:30  Forge  
  73  6:35  Probe  
  73  6:36  Probe  
  75  6:43  Dark Templar, Nexus, Archon  
  75  6:45  Immortal  
  75  6:46  Pylon  
  77  6:47  Probe  
  77  6:49  Probe  
  77  6:50  Blink  
  77  6:52  Archon  
  79  6:59  Probe  
  84  7:11  Gateway  
  84  7:12  Sentry, Gateway  
  84  7:14  Gateway  
  86  7:25  Gateway  
  86  7:26  Probe  
  86  7:27  Probe  
  88  7:30  Sentry x2  
  88  7:33  Shield Battery  
  88  7:35  Probe x2  
  92  7:42  Stalker x2  
  92  7:43  Probe  
  92  7:44  Probe  
  100  7:52  Pylon  
  100  7:57  Probe x2  
  100  7:58  Stalker  
  104  7:59  Probe  
  105  8:09  Stalker x3  
  105  8:11  Immortal, Assimilator  
  111  8:13  Stalker  
  111  8:18  Pylon  
  117  8:29  Pylon  
  117  8:33  Stalker x3  
  123  8:40  Stalker x2  
  127  8:52  Stalker x4  
  135  8:59  Stalker x3  
  141  9:08  Dark Templar  
  139  9:16  Zealot  
  124  9:19  Probe x2  
  124  9:20  Probe  
  117  9:26  Assimilator  
  117  9:27  Probe  
  118  9:31  Probe  
  118  9:32  Probe  
  118  9:37  Stalker x3  
  118  9:38  Stalker x4  
  124  9:40  Probe  
  124  9:44  Immortal, Probe x2  
  127  9:57  Stalker x2  
  127  9:58  Protoss Ground Weapons Level 2  
  135  10:02  Templar Archives  
  135  10:10  Photon Cannon  
  135  10:11  Shield Battery  
  135  10:15  Pylon  
  135  10:25  Stalker x3  
  141  10:37  Stalker x4  
  149  10:48  Stalker  
  149  10:49  Stalker  
  126  10:57  Stalker x3  
  126  11:03  Stalker  
  116  11:07  Stalker x2  
  116  11:08  Stalker  
  110  11:14  Probe  
  99  11:20  Stalker x2  
  99  11:21  Stalker x3  
  99  11:25  Probe  
  98  11:32  Stalker x3  
  93  11:47  Stalker x5  
  107  12:08  Photon Cannon, Pylon  
  107  12:10  Shield Battery  
  107  12:12  Nexus  
  107  12:15  High Templar  
  109  12:16  Stalker  
  109  12:17  High Templar  
  109  12:20  Stalker x2  
  109  12:21  Archon  
Tags
 
Add a new tag
Caveats
  • Supply blocks, unpowered buildings, or Contaminate may cause inaccurate times.
  • Supply counts are checked every 10 seconds.